 Dungeon Sprint DCSS version 0.21-a0-297-ga3d34c2 (webtiles) character file.

69962 minicreteconcrete the Bludgeoner (level 15, -14/167 HPs)
             Began as a Gnoll Skald on Sept 28, 2017.
             Was a Follower of Uskayaw.
             Killed from afar by a hellion (32 damage)
             ... with damnation
             ... in the Dungeon (Sprint V: "Ziggurat Sprint").
             The game lasted 00:44:21 (1904 turns).

minicreteconcrete the Bludgeoner (Gnoll Skald)      Turns: 1904, Time: 00:44:22

Health: -14/167    AC: 35    Str: 13    XL:     15   Next: 31%
Magic:  21/35      EV: 29    Int: 17    God:    Uskayaw [*.....]
Gold:   0          SH: 35    Dex: 35    Spells: 5/47 levels left

rFire    + . .     SeeInvis +   a - +15 lance "Wyrmbane" {slay drac, rPois rF+ rC+ AC+3}
rCold    + . .     Gourm    .   N - +18 shield of the Gong {rElec rN+ MR+ EV-5}
rNeg     + + .     Faith    .   (armour currently unavailable)
rPois    ∞         Spirit   .   X - +2 helmet {SInv}
rElec    +         Reflect  +   b - +0 cloak of Sovereignty {+Fly Regen+ Dex+3}
rCorr    .         Harm     .   (gloves currently unavailable)
MR       ++...     NoTele   +   (boots currently unavailable)
Stlth    +++++++...             M - +2 amulet of reflection
HPRegen  0.77/turn              E - +6 ring of dexterity
MPRegen  0.24/turn              F - +6 ring of dexterity

@: statue-form, death channel, studying 6 skills, very slow
A: distributed training, fangs 1, strong nose
a: End Transformation, Stomp, Renounce Religion, Evoke Flight


You were in the Dungeon.
You worshipped Uskayaw.
Uskayaw was pleased with you.
You were not hungry.
You were a stone statue.
You visited 1 branch

Inventory:

Hand Weapons
 a - the +15 lance "Wyrmbane" (weapon) {slay drac, rPois rF+ rC+ AC+3}
   (You found it in the Dungeon)

   It affects your AC (+3).
   It protects you from fire.
   It protects you from cold.
   It protects you from poison.
 Q - a +9 vampiric demon trident
 Y - the +2 trident of the Lumpy Ghosts {holy, Int+3}
   (You found it in the Dungeon)

   It has been blessed by the Shining One to cause great damage to the undead
   and demons.
   It affects your intelligence (+3).
Armour
 b - the +0 cloak of Sovereignty (worn) {+Fly Regen+ Dex+3}
   (You took it off a draconian monk in the Dungeon)

   It affects your dexterity (+3).
   It lets you fly.
   It increases your rate of regeneration.
 H - a scarf of repulsion
 N - the +18 shield of the Gong (worn) {rElec rN+ MR+ EV-5}
   (You found it in the Dungeon)

   It affects your evasion (-5).
   It insulates you from electricity.
   It protects you from negative energy.
   It affects your resistance to hostile enchantments.
 U - quicksilver dragon scales (melded)
 X - a +2 helmet of see invisible (worn)
Magical Staves
 W - an uncursed staff of wizardry
Jewellery
 f - the ring of Sybuunoa {Ice rN+ Str+2 Int+2 Dex+2}
   (You took it off a naga in the Dungeon)

   [ring of ice]

   It enhances your ice magic.
   It affects your strength (+2).
   It affects your intelligence (+2).
   It affects your dexterity (+2).
   It makes you vulnerable to fire.
   It protects you from cold.
   It protects you from negative energy.
 E - a +6 ring of dexterity (left hand)
 F - a +6 ring of dexterity (right hand)
 J - the ring "Ceppeoti" {rC+ Str+2 Dex+4}
   (You found it in the Dungeon)

   [ring of protection from cold]

   It affects your strength (+2).
   It affects your dexterity (+4).
   It protects you from cold.
 M - a +2 amulet of reflection (around neck)
 O - the ring of Someipn {rF+ rC+ Int+5}
   (You found it in the Dungeon)

   [ring of protection from fire]

   It affects your intelligence (+5).
   It protects you from fire.
   It protects you from cold.
 S - an uncursed ring of wizardry
Wands
 n - a wand of disintegration (7/24)
 y - a wand of iceblast (5/15)
 A - a wand of lightning (5/15)
Scrolls
 c - a scroll of brand weapon
 j - 2 scrolls of blinking
 q - 4 scrolls of amnesia
 r - 3 scrolls of recharging
 s - 5 scrolls of fog
 t - a scroll of holy word
 u - 5 scrolls of identify
 v - 5 scrolls of remove curse
 w - 2 scrolls of fear
 L - 3 scrolls of enchant armour
Potions
 e - 7 potions of curing
 g - 7 potions of haste
 h - 6 potions of magic
 i - 3 potions of berserk rage
 k - 2 potions of brilliance
 m - 4 potions of resistance
 o - 4 potions of agility
 p - 6 potions of might
Books
 l - a manual of Stealth
 B - a manual of Invocations
 C - a book of Unlife

   Spells                             Type                      Level
   a - Recall                         Summoning/Translocation      3
   b - Animate Dead                   Necromancy                   4
   c - Control Undead                 Necromancy                   4
   d - Cigotuvi's Embrace             Necromancy                   5
   e - Death Channel                  Necromancy                   6
   f - Simulacrum                     Ice/Necromancy               6
 G - a manual of Axes
 I - a Necronomicon

   Spells                             Type                      Level
   a - Haunt                          Necromancy/Summoning         7
   b - Borgnjor's Revivification      Necromancy                   8
   c - Death's Door                   Charms/Necromancy            8
   d - Infestation                    Necromancy                   8
   e - Necromutation                  Transmutation/Necromancy     8
 P - a manual of Ice Magic
 R - a manual of Dodging
 T - a manual of Maces & Flails
 Z - the Almanac of Nocuous Air
   (You found it in the Dungeon)

   Spells                             Type                      Level
   a - Shock                          Conjuration/Air              1
   b - Sting                          Conjuration/Poison           1
   c - Poisonous Vapours              Poison/Air                   2
   d - Summon Lightning Spire         Summoning/Air                4
   e - Tornado                        Air                          9
Miscellaneous
 D - a crystal ball of energy
 K - a lightning rod (4/4)
 V - 3 sacks of spiders
Comestibles
 d - 2 bread rations
 x - 42 fruits
 z - 4 meat rations


   Skills:
 + Level 15.6 Fighting
 + Level 15.3 Short Blades
   Level 15.3 Long Blades
 + Level 19.1 Axes
   Level 20.3 Maces & Flails
 + Level 15.6 Polearms
 + Level 14.6 Staves
 + Level 15.2 Slings
 + Level 14.7 Bows
   Level 15.1 Crossbows
 + Level 14.9 Throwing
 + Level 15.6 Armour
 + Level 18.3 Dodging
 + Level 16.0 Stealth
   Level 0.0 Stabbing
 + Level 14.8 Shields
   Level 0.0 Traps
 + Level 14.4 Unarmed Combat
 + Level 16.5 Spellcasting
 + Level 15.4 Conjurations
 + Level 14.9 Hexes
 + Level 16.5 Charms
 + Level 14.8 Summonings
 + Level 15.7 Necromancy
 + Level 14.7 Translocations
 + Level 15.1 Transmutations
 + Level 15.1 Fire Magic
 + Level 18.6 Ice Magic
 + Level 15.3 Air Magic
 + Level 14.7 Earth Magic
 + Level 15.0 Poison Magic
 + Level 15.1 Invocations
 + Level 15.4 Evocations


You had 5 spell levels left.
You knew the following spells:

 Your Spells              Type           Power        Failure   Level  Hunger
a - Infusion              Chrm           ####         0%          1    None
b - Animate Skeleton      Necr           N/A          0%          1    None
c - Shroud of Golubria    Chrm/Tloc      ######....   0%          2    None
d - Spectral Weapon       Hex/Chrm       ######..     1%          3    None
e - Apportation           Tloc           ######       0%          1    None
f - Alistair's Intoxicat  Tmut/Pois      ######..     1%          5    ###....
g - Statue Form           Tmut/Erth      ######...    1%          6    #####..
h - Cause Fear            Hex            ######....   1%          4    None
i - Blink                 Tloc           N/A          0%          2    None
j - Death Channel         Necr           ######....   1%          6    #####..
k - Animate Dead          Necr           N/A          1%          4    None
l - Control Undead        Necr           ######....   1%          4    None
r - Regeneration          Chrm/Necr      ######....   0%          3    None


Dungeon Overview and Level Annotations

Branches:
Dungeon (1/1)

Altars:
Ashenzari
Cheibriados
Dithmenos
Elyvilon
Fedhas
Gozag
Hepliaklqana
Kikubaaqudgha
Makhleb
Nemelex Xobeh
Okawaru
Qazlal
Ru
Sif Muna
Trog
Uskayaw
Vehumet
Wu Jian
Xom
Yredelemnul
Zin
The Shining One
Beogh
Jiyva
Lugonu


Innate Abilities, Weirdness & Mutations

Your experience applies equally to all skills.
You have very sharp teeth.
Your uncanny sense of smell can sniff out nearby items.


Message History

Your bat skeleton closely misses the tormentor.
The hellion closely misses your bat skeleton.
The hellion hits your shard shrike zombie.
The wraith barely misses your spectral shard shrike.
The hellion gestures at you.
The sphere of damnation explodes!
The damnation engulfs you!
* * * LOW HITPOINT WARNING * * *
The hellion gestures at you.
The sphere of damnation explodes!
The damnation engulfs you!
* * * LOW HITPOINT WARNING * * *
Your giant cockroach zombie bites the wraith but does no damage.
Your spectral ice dragon misses the hellion.
Your spectral ice dragon claws the hellion.
Your spectral ice dragon closely misses the hellion.
The leopard gecko skeleton barely misses your bat skeleton.
The wraith hits your wraith but does no damage.
Your wraith closely misses the hellion.
The hellion gestures at you.
The sphere of damnation explodes!
The damnation engulfs you!
You die...

∆∆∆∆
▓.:ZZZ|!ZZZ[:2"∆∆
∆∆∆∆
▓.[ZZ:Z2WWWZ2)})∆
▓.h2:)ZZWW242Z?}|
▓......2ZZWZZ2...
▓..Z...ZZ.Z22....
▓.........Z......
▓.........Z......
▓......8..W......
▓................
▓................
▓................
▓....▓.......▓...
▓...▓▓▓.....▓▓ ..
▓....▓.......▓...
▓................
...............


You could see a reaper, 7 hellions, 2 tormentors, 5 wraiths, a red devil, a hell
hound (sleeping), a leopard gecko zombie, 2 bat zombies, a ball python zombie
(dormant), 2 adder zombies, 2 quokka zombies, a jackal zombie (dormant), a
leopard gecko skeleton, 3 bat skeletons, an adder skeleton, a quokka skeleton, a
jackal skeleton (dormant), a friendly spectral ice dragon, a friendly spectral
shard shrike, 2 friendly wraiths, a friendly adder zombie, a friendly giant
cockroach zombie, a friendly shard shrike zombie, a friendly bat skeleton and a
friendly adder skeleton.

Vanquished Creatures
  2 acid blobs (D)
  A nagaraja (D)
  A draconian monk (D)
  2 azure jellies (D)
  A draconian shifter (D)
  A reaper (D)
  A ghoul (D)
  A stone giant (D)
  2 white draconians (D)
  3 deep elf annihilators (D)
  4 green draconians (D)
  A black draconian (D)
  A red draconian (D)
  2 purple draconians (D)
  2 yellow draconians (D)
  A mummy priest (D)
  A great orb of eyes (D)
  3 deep elf high priests (D)
  2 vault guards (D)
  2 hydras (D)
  2 naga warriors (D)
  An ice dragon (D)
  6 anacondas (D)
  Erica (D)
  2 dancing weapons (D)
  A death scarab (D)
  An orc high priest (D)
  An orc knight (D)
  2 deep elf archers (D)
  3 deep elf magi (D)
  A shining eye (D)
  2 orc sorcerers (D)
  2 elephants (D)
  5 guardian serpents (D)
  2 naga magi (D)
  A black mamba (shapeshifter) (D)
  2 black mambas (D)
  4 freezing wraiths (D)
  A komodo dragon (D)
  A rime drake (D)
  A guardian mummy (D)
  A troll (D)
  2 hippogriffs (D)
  3 slime creatures (D)
  2 flying skulls (D)
  An air elemental (D)
  A spriggan (D)
  2 tarantellas (D)
  Sigmund (D)
  2 wyverns (D)
  An ushabti (D)
  3 nagas (D)
  2 steam dragons (D)
  2 wargs (D)
  2 insubstantial wisps (D)
  Edmund (D)
  A hell hound (D)
  2 acid dragons (D)
  Duvessa (D)
  3 water moccasins (D)
  3 porcupines (D)
  An eye of draining (D)
  3 orc warriors (D)
  2 phantoms (D)
  A necrophage (D)
  3 wolves (D)
  A crocodile (D)
  Blork the orc (D)
  3 bullfrogs (D)
  An earth elemental (D)
  Dowan (D)
  2 wights (D)
  Crazy Yiuf (D)
  3 jellies (D)
  An iguana (D)
  Jessica (D)
  5 mummies (D)
  2 adders (D)
  A shadow imp (D)
  A white imp (D)
  An ufetubus (D)
  An ooze (D)
  5 adder zombies (D)
  5 adder skeletons (D)
  5 bat skeletons (D)
  2 bat zombies (D)
  A ball python (D)
  A ball python skeleton (D)
  A ball python zombie (D)
  A giant cockroach zombie (D)
  3 jackal skeletons (D)
  2 leopard gecko skeletons (D)
  2 leopard gecko zombies (D)
  A quokka skeleton (D)
  A quokka zombie (D)
178 creatures vanquished.

Vanquished Creatures (collateral kills)
  A shard shrike (D)
  An Ice Fiend (D)
  A deep elf blademaster (D)
  3 nagarajas (D)
  A reaper (D)
  2 naga warriors (D)
  An anaconda (D)
  4 skeletal warriors (D)
  A deep elf mage (D)
  4 naga magi (D)
  2 black mambas (D)
  4 guardian serpents (D)
  3 freezing wraiths (D)
  2 ice devils (D)
  A flying skull (D)
  A shadow (D)
  2 yaks (D)
  5 nagas (D)
  A porcupine (D)
  A water moccasin (D)
  2 ice beasts (D)
  An adder (D)
  3 white imps (D)
  3 adder zombies (D)
  3 bat skeletons (D)
  5 bat zombies (D)
  3 ball pythons (D)
  A ball python zombie (D)
  A jackal skeleton (D)
  A leopard gecko skeleton (D)
  A leopard gecko zombie (D)
  2 crawling corpses (D)
67 creatures vanquished.

Vanquished Creatures (others)
  A deep elf blademaster (D)
  A deep elf master archer (D)
  A deep elf high priest (D)
  2 dancing weapons (D)
  A deep elf knight (D)
  A spatial maelstrom (D)
  A salamander (shapeshifter) (D)
  A water elemental (D)
  An adder simulacrum (D)
  A spectral weapon (D)
11 creatures vanquished.

Grand Total: 256 creatures vanquished

Notes
Turn   | Place    | Note
-------+----------+-------------------------------------------
     0 | D        | Found the +6 Majin-Bo {vamp, Archmagi MP+6 Int+6}
     0 | D        | Found the +7 great mace "Firestarter" {inner flame, rF++}
     0 | D        | minicreteconcrete the Gnoll Skald began the quest for the Orb.
     0 | D        | Reached XP level 1. HP: 20/20 MP: 6/6
     0 | D        | Found a deep blue altar of Sif Muna.
     0 | D        | Found a sacrificial altar of Ru.
     0 | D        | Found a bloodstained altar of Trog.
     0 | D        | Found a stormy altar of Qazlal.
     0 | D        | Found an iron altar of Okawaru.
     0 | D        | Found a sparkling altar of Nemelex Xobeh.
     0 | D        | Found a blossoming altar of Fedhas.
     2 | D        | Found a transporter.
     2 | D        | Found an ancient bone altar of Kikubaaqudgha.
     2 | D        | Found a viscous altar of Jiyva.
     2 | D        | Found a corrupted altar of Lugonu.
     2 | D        | Found a hazy altar of Hepliaklqana.
     2 | D        | Found a burning altar of Makhleb.
     2 | D        | Found an opulent altar of Gozag.
     4 | D        | Banished a spatial maelstrom
     6 | D        | Reached skill level 1 in Short Blades
     6 | D        | Reached skill level 1 in Long Blades
     6 | D        | Reached skill level 1 in Polearms
     6 | D        | Reached skill level 1 in Throwing
     6 | D        | Reached skill level 5 in Dodging
     6 | D        | Reached skill level 1 in Stealth
     6 | D        | Reached skill level 1 in Unarmed Combat
     6 | D        | Reached skill level 5 in Spellcasting
     6 | D        | Reached skill level 1 in Air Magic
     6 | D        | Reached XP level 2. HP: 26/26 MP: 8/8
    22 | D        | Found the +9 heavy crossbow "Sniper" {velocity, Acc+∞ SInv}
    22 | D        | Found the +10 dark maul {crush}
    22 | D        | Found the +15 Maxwell's patent armour {-Cast -Tele rElec MR+ rCorr}
    22 | D        | Found the +18 shield of the Gong {rElec rN+ MR+ EV-5}
    22 | D        | Found the cursed +14 obsidian axe {chop, +Fly SInv *Curse}
    24 | D        | Found the +6 shillelagh "Devastator" {shatter}
    24 | D        | Found the +11 plutonium sword {*Contam Stlth-}
    24 | D        | Found the +8 lance "Wyrmbane" {slay drac, rPois rF+ rC+ AC+3}
    24 | D        | Found the +9 sword of Zonguldrok {reap}
    24 | D        | Found the cursed +13 scythe of Curses {drain, *Curse}
    24 | D        | Found the +0 sword of Power
    24 | D        | Found the +1 mace of Variability {chaos}
    24 | D        | Found the +7 Singing Sword
    24 | D        | Found the +7 longbow "Piercer" {penet, EV-2}
    51 | D        | Became a worshipper of Uskayaw the Reveler
    67 | D        | Entered arena 2.
    67 | D        | Noticed a tarantella
    67 | D        | Noticed a tarantella
    67 | D        | Found a transporter.
    68 | D        | Reached * piety under Uskayaw
    70 | D        | Reached ** piety under Uskayaw
    71 | D        | Killed a tarantella
    71 | D        | Reached skill level 5 in Fighting
    71 | D        | Reached skill level 5 in Maces & Flails
    71 | D        | Reached XP level 3. HP: 26/34 MP: 8/10
    71 | D        | Reached XP level 4. HP: 31/40 MP: 9/12
    71 | D        | Reached XP level 5. HP: 36/46 MP: 9/13
    78 | D        | Reached *** piety under Uskayaw
    82 | D        | Reached **** piety under Uskayaw
    87 | D        | Killed a tarantella
    87 | D        | Reached skill level 6 in Maces & Flails
    87 | D        | Reached skill level 5 in Slings
    87 | D        | Reached skill level 5 in Armour
    87 | D        | Reached XP level 6. HP: 30/52 MP: 11/15
    92 | D        | Learned a level 3 spell: Regeneration
   100 | D        | Got the ring of Someipn {rF+ rC+ Int+5}
   216 | D        | Entered arena 3.
   216 | D        | Noticed an insubstantial wisp
   216 | D        | Noticed an insubstantial wisp
   216 | D        | Noticed an air elemental
   216 | D        | Found a transporter.
   218 | D        | Killed an insubstantial wisp
   218 | D        | Reached skill level 5 in Axes
   218 | D        | Reached skill level 5 in Crossbows
   218 | D        | Reached skill level 5 in Hexes
   218 | D        | Reached skill level 5 in Fire Magic
   218 | D        | Reached skill level 5 in Ice Magic
   218 | D        | Reached skill level 5 in Air Magic
   218 | D        | Reached skill level 5 in Earth Magic
   218 | D        | Reached skill level 5 in Poison Magic
   218 | D        | Reached skill level 5 in Invocations
   226 | D        | Killed an insubstantial wisp
   226 | D        | Reached skill level 5 in Short Blades
   226 | D        | Reached skill level 5 in Long Blades
   226 | D        | Reached skill level 5 in Staves
   226 | D        | Reached skill level 5 in Stealth
   226 | D        | Reached skill level 5 in Shields
   226 | D        | Reached skill level 5 in Unarmed Combat
   226 | D        | Reached skill level 5 in Conjurations
   226 | D        | Reached skill level 5 in Summonings
   226 | D        | Reached skill level 5 in Necromancy
   226 | D        | Reached skill level 5 in Translocations
   226 | D        | Reached skill level 5 in Transmutations
   226 | D        | Reached skill level 5 in Evocations
   226 | D        | Reached XP level 7. HP: 57/59 MP: 17/17
   229 | D        | Reached ***** piety under Uskayaw
   233 | D        | Killed an air elemental
   233 | D        | Reached skill level 7 in Maces & Flails
   233 | D        | Reached skill level 5 in Polearms
   233 | D        | Reached skill level 5 in Bows
   233 | D        | Reached skill level 5 in Throwing
   286 | D        | Entered arena 4.
   286 | D        | Noticed a slime creature
   286 | D        | Found a transporter.
   307 | D        | Killed a slime creature
   307 | D        | Reached XP level 8. HP: 52/67 MP: 20/20
   331 | D        | Learned a level 2 spell: Shroud of Golubria
   335 | D        | Learned a level 3 spell: Spectral Weapon
   347 | D        | Entered arena 5.
   347 | D        | Noticed a spriggan
   347 | D        | Found a transporter.
   358 | D        | Reached skill level 8 in Maces & Flails
   359 | D        | Killed a spriggan
   378 | D        | Entered arena 6.
   378 | D        | Found a transporter.
   411 | D        | Learned a level 1 spell: Animate Skeleton
   413 | D        | Learned a level 1 spell: Apportation
   414 | D        | Entered arena 7.
   414 | D        | Noticed a wyvern
   414 | D        | Noticed a wyvern
   414 | D        | Noticed a rime drake
   420 | D        | Killed a rime drake
   420 | D        | Reached skill level 9 in Maces & Flails
   420 | D        | Reached XP level 9. HP: 58/75 MP: 17/21
   431 | D        | Reached skill level 10 in Charms
   431 | D        | Reached skill level 10 in Maces & Flails
   433 | D        | Found a transporter.
   439 | D        | Got the +2 trident of the Lumpy Ghosts {holy, Int+3}
   441 | D        | Identified the Almanac of Nocuous Air (You found it in the Dungeon)
   441 | D        | Identified the Almanac of Nocuous Air (You found it in the Dungeon)
   512 | D        | Entered arena 8.
   513 | D        | Found a transporter.
   546 | D        | Entered arena 9.
   566 | D        | Found a transporter.
   577 | D        | Got the ring "Ceppeoti" {rC+ Str+2 Dex+4}
   601 | D        | Entered arena 10.
   601 | D        | Noticed Sigmund
   601 | D        | Noticed Jessica
   601 | D        | Noticed Blork the orc
   601 | D        | Noticed Crazy Yiuf
   601 | D        | Noticed Dowan
   601 | D        | Noticed Duvessa
   601 | D        | Noticed Edmund
   601 | D        | Noticed Erica
   604 | D        | Killed Edmund
   604 | D        | Reached skill level 11 in Maces & Flails
   604 | D        | Reached XP level 10. HP: 83/83 MP: 23/23
   605 | D        | Killed Sigmund
   605 | D        | Killed Duvessa
   606 | D        | Killed Dowan
   606 | D        | Killed Jessica
   606 | D        | Killed Erica
   606 | D        | Reached skill level 10 in Spellcasting
   607 | D        | Killed Crazy Yiuf
   608 | D        | Killed Blork the orc
   609 | D        | Found a transporter.
   626 | D        | Entered arena 11.
   626 | D        | Noticed a mummy priest
   627 | D        | Found the +7 great mace "Undeadhunter" {disrupt, rN+}
   627 | D        | Found a transporter.
   638 | D        | Reached skill level 10 in Dodging
   645 | D        | Reached skill level 12 in Maces & Flails
   652 | D        | Killed a mummy priest
   652 | D        | Reached skill level 10 in Fighting
   652 | D        | Reached skill level 10 in Armour
   682 | D        | Learned a level 5 spell: Alistair's Intoxication
   765 | D        | Entered arena 12.
   765 | D        | Noticed an azure jelly
   765 | D        | Noticed a great orb of eyes
   765 | D        | Noticed a shining eye
   766 | D        | Noticed an azure jelly
   766 | D        | Noticed an acid blob
   766 | D        | Noticed an acid blob
   767 | D        | Found a transporter.
   772 | D        | Killed a shining eye
   772 | D        | Reached skill level 10 in Axes
   773 | D        | Killed an azure jelly
   773 | D        | Reached skill level 13 in Maces & Flails
   773 | D        | Reached skill level 10 in Ice Magic
   773 | D        | Reached XP level 11. HP: 72/89 MP: 18/25
   773 | D        | Killed an acid blob
   773 | D        | Reached skill level 10 in Polearms
   773 | D        | Reached skill level 10 in Slings
   773 | D        | Reached skill level 10 in Shields
   773 | D        | Reached skill level 10 in Necromancy
   773 | D        | Reached skill level 10 in Poison Magic
   773 | D        | Reached skill level 10 in Air Magic
   773 | D        | Killed an acid blob
   773 | D        | Reached skill level 10 in Short Blades
   773 | D        | Reached skill level 10 in Long Blades
   773 | D        | Reached skill level 14 in Maces & Flails
   773 | D        | Reached skill level 10 in Crossbows
   773 | D        | Reached skill level 10 in Throwing
   773 | D        | Reached skill level 10 in Hexes
   773 | D        | Reached skill level 10 in Summonings
   773 | D        | Reached skill level 10 in Translocations
   773 | D        | Reached skill level 10 in Fire Magic
   773 | D        | Reached skill level 10 in Earth Magic
   773 | D        | Reached skill level 10 in Invocations
   773 | D        | Reached skill level 10 in Evocations
   774 | D        | Killed an azure jelly
   774 | D        | Reached skill level 10 in Staves
   774 | D        | Reached skill level 10 in Bows
   774 | D        | Reached skill level 10 in Conjurations
   774 | D        | Reached skill level 10 in Transmutations
   776 | D        | Killed a great orb of eyes
   776 | D        | Reached skill level 10 in Unarmed Combat
   776 | D        | Reached XP level 12. HP: 80/97 MP: 19/28
   787 | D        | Learned a level 6 spell: Statue Form
   842 | D        | Entered arena 13.
   842 | D        | Noticed an orc high priest
   843 | D        | Noticed a stone giant
   844 | D        | Noticed a sun demon
   844 | D        | Found a transporter.
   845 | D        | Noticed a sun demon
   848 | D        | Reached skill level 10 in Stealth
   849 | D        | Killed an orc high priest
   850 | D        | Killed a stone giant
   857 | D        | Reached skill level 15 in Maces & Flails
   879 | D        | Learned a level 4 spell: Cause Fear
   889 | D        | Entered arena 14.
   890 | D        | Noticed an iron dragon
   890 | D        | Noticed an iron golem
   891 | D        | Noticed a crystal guardian
   891 | D        | Noticed an iron golem
   891 | D        | Noticed a crystal guardian
   891 | D        | Noticed a quicksilver dragon
   891 | D        | Noticed an iron dragon
   892 | D        | Found a transporter.
   908 | D        | Entered arena 15.
   912 | D        | Noticed a vault guard
   912 | D        | Noticed a vault guard
   912 | D        | Noticed a lich
   913 | D        | Noticed a stone giant
   913 | D        | Noticed a vault guard
   913 | D        | Noticed a vault guard
   913 | D        | Noticed a shadow dragon
   915 | D        | Noticed a vault guard
   915 | D        | Noticed a vault guard
   918 | D        | Noticed a lich
   924 | D        | Found a transporter.
   931 | D        | Entered arena 16.
   933 | D        | Noticed a green draconian
   933 | D        | Noticed a green draconian
   933 | D        | Noticed a purple draconian shifter
   933 | D        | Noticed a green draconian
   935 | D        | Noticed a black draconian
   935 | D        | Noticed a white draconian
   935 | D        | Noticed a purple draconian
   935 | D        | Noticed a purple draconian
   937 | D        | Noticed a yellow draconian
   937 | D        | Noticed a red draconian
   937 | D        | Noticed a green draconian
   937 | D        | Noticed a white draconian
   940 | D        | Noticed a yellow draconian
   940 | D        | Noticed a white draconian monk
   946 | D        | Killed a vault guard
   952 | D        | Found a transporter.
   956 | D        | Killed a white draconian
   958 | D        | Killed a vault guard
   960 | D        | Killed a white draconian
   960 | D        | Reached ****** piety under Uskayaw
   965 | D        | Killed a green draconian
   965 | D        | Killed a red draconian
   971 | D        | Killed a purple draconian
   980 | D        | Killed a green draconian
   984 | D        | Killed a yellow draconian
   984 | D        | Reached skill level 16 in Maces & Flails
   984 | D        | Reached XP level 13. HP: 51/109 MP: 8/30
   988 | D        | Killed a purple draconian
   991 | D        | Killed a purple draconian shifter
   995 | D        | Killed a green draconian
  1004 | D        | Killed a black draconian
  1004 | D        | Killed a yellow draconian
  1004 | D        | Reached skill level 15 in Axes
  1005 | D        | Killed a white draconian monk
  1011 | D        | Killed a green draconian
  1014 | D        | Got the +0 cloak of Sovereignty {+Fly Regen+ Dex+3}
  1029 | D        | Identified the Almanac of the Voyage (You found it in the Dungeon)
  1032 | D        | Learned a level 2 spell: Blink
  1032 | D        | Identified the Almanac of the Voyage (You found it in the Dungeon)
  1039 | D        | Learned a level 6 spell: Death Channel
  1039 | D        | Identified the Almanac of the Voyage (You found it in the Dungeon)
  1039 | D        | Identified the Almanac of the Voyage (You found it in the Dungeon)
  1139 | D        | Entered arena 17.
  1152 | D        | Reached skill level 17 in Maces & Flails
  1160 | D        | Reached skill level 15 in Ice Magic
  1162 | D        | Found a transporter.
  1172 | D        | Entered arena 18.
  1177 | D        | Found a transporter.
  1183 | D        | Reached skill level 15 in Dodging
  1210 | D        | Entered arena 19.
  1215 | D        | Found a transporter.
  1248 | D        | Entered arena 20.
  1253 | D        | Noticed a lich
  1253 | D        | Noticed a mummy priest
  1253 | D        | Noticed a greater mummy
  1253 | D        | Noticed a greater mummy
  1255 | D        | Found a transporter.
  1257 | D        | Reached XP level 14. HP: 55/119 MP: 29/32
  1259 | D        | Reached skill level 15 in Charms
  1274 | D        | Entered arena 21.
  1369 | D        | Noticed a deep elf annihilator
  1369 | D        | Noticed a deep elf blademaster
  1371 | D        | Noticed a deep elf blademaster
  1371 | D        | Noticed a deep elf annihilator
  1372 | D        | Noticed a deep elf master archer
  1372 | D        | Noticed a deep elf annihilator
  1385 | D        | Killed a deep elf blademaster
  1385 | D        | Reached skill level 18 in Maces & Flails
  1385 | D        | Reached skill level 15 in Spellcasting
  1387 | D        | Killed a deep elf blademaster
  1394 | D        | Killed a deep elf master archer
  1408 | D        | Killed a deep elf annihilator
  1420 | D        | Killed a deep elf annihilator
  1425 | D        | Killed a deep elf annihilator
  1427 | D        | Found a transporter.
  1529 | D        | Entered arena 22.
  1529 | D        | Noticed a ghoul
  1529 | D        | Noticed a ghoul
  1530 | D        | Noticed a ghoul
  1530 | D        | Noticed a doom hound
  1540 | D        | Noticed a shadow dragon
  1542 | D        | Noticed a ghoul
  1542 | D        | Noticed a doom hound
  1543 | D        | Noticed a reaper
  1543 | D        | Noticed a ghoul
  1545 | D        | Found the +8 frozen axe "Frostbite" {freezing cloud, *Noise +Fly rC+}
  1545 | D        | Found a transporter.
  1547 | D        | Noticed a shadow dragon
  1550 | D        | Noticed a shadow dragon
  1553 | D        | Noticed a shadow dragon
  1553 | D        | Entered arena 23.
  1555 | D        | HP: 5/121 [ghoul (9)]
  1566 | D        | Killed a ghoul
  1566 | D        | Reached skill level 19 in Maces & Flails
  1591 | D        | Reached skill level 15 in Polearms
  1599 | D        | Reached skill level 15 in Fighting
  1601 | D        | Noticed a nagaraja
  1614 | D        | Reached skill level 15 in Armour
  1624 | D        | Noticed a nagaraja
  1631 | D        | Noticed a nagaraja
  1632 | D        | Reached skill level 15 in Necromancy
  1644 | D        | Killed a nagaraja
  1644 | D        | Killed a nagaraja
  1644 | D        | Reached skill level 15 in Stealth
  1644 | D        | Reached XP level 15. HP: 57/129 MP: 11/35
  1646 | D        | Noticed a nagaraja
  1651 | D        | Reached skill level 15 in Evocations
  1656 | D        | Killed a nagaraja
  1660 | D        | Killed a nagaraja
  1661 | D        | Reached skill level 15 in Short Blades
  1661 | D        | Reached skill level 15 in Conjurations
  1663 | D        | Got the ring of Sybuunoa {Ice rN+ Str+2 Int+2 Dex+2}
  1667 | D        | Found a transporter.
  1673 | D        | Learned a level 4 spell: Animate Dead
  1678 | D        | Learned a level 4 spell: Control Undead
  1786 | D        | Entered arena 24.
  1795 | D        | Found the +8 longbow "Zephyr" {speed, Dex+3 SInv}
  1795 | D        | Found the +7 Spriggan's Knife {MR+ EV+4 Dex+4 Stlth+}
  1795 | D        | Noticed an Ice Fiend
  1795 | D        | Noticed a shard shrike
  1796 | D        | Found a transporter.
  1800 | D        | Reached skill level 15 in Air Magic
  1804 | D        | Killed a shard shrike
  1804 | D        | Reached skill level 15 in Long Blades
  1804 | D        | Reached skill level 20 in Maces & Flails
  1804 | D        | Reached skill level 15 in Slings
  1804 | D        | Reached skill level 15 in Transmutations
  1812 | D        | Killed an Ice Fiend
  1812 | D        | Reached skill level 15 in Crossbows
  1812 | D        | Reached skill level 15 in Fire Magic
  1812 | D        | Reached skill level 15 in Invocations
  1820 | D        | Reached skill level 15 in Poison Magic
  1891 | D        | Entered arena 25.
  1904 | D        | Killed from afar by a hellion

Vault maps used:
D:        sprint_v

Skill      XL: |  1  2  3  4  5  6  7  8  9 10 11 12 13 14 15 |
---------------+----------------------------------------------+-----
Short Blades   | 1 3 4 5 6 7 9 10 12 13 14 15 | 15.3
Long Blades    | 1 3 4 5 7 9 10 11 13 14 15 | 15.3
Axes           | 2 3 4 5 6 7 10 12 14 16 18 19 | 19.1
Polearms       | 1 3 4 5 6 8 9 10 12 13 15 | 15.6
Staves         | 2 3 4 5 6 7 9 10 11 12 14 | 14.6
Slings         | 2 4 5 6 7 8 9 10 12 13 14 15 | 15.2
Bows           | 2 3 4 5 6 7 8 10 11 12 14 | 14.7
Crossbows      | 2 4 5 6 7 8 9 10 11 13 14 15 | 15.1
Throwing       | 1 3 4 5 7 8 9 10 11 12 14 | 14.9
Armour         | 3 4 5 6 8 9 10 11 12 13 15 | 15.6
Dodging        | 5 6 7 8 9 10 11 13 15 17 18 | 18.3
Stealth        | 1 3 4 5 6 7 8 9 11 12 15 16 | 16.0
Shields        | 2 3 4 5 7 8 9 10 12 13 14 | 14.8
Unarmed Combat | 1 3 4 5 6 7 8 10 11 12 14 | 14.4
Spellcasting   | 5 6 7 8 9 10 12 13 14 16 | 16.5
Conjurations   | 2 3 4 5 6 7 9 10 11 13 14 15 | 15.4
Hexes          | 2 4 5 6 7 8 9 10 11 13 14 | 14.9
Charms         | 7 8 9 10 11 12 13 14 16 | 16.5
Summonings     | 2 3 4 5 7 9 10 11 13 14 | 14.8
Necromancy     | 2 3 4 5 6 8 9 10 12 13 15 | 15.7
Translocations | 2 3 4 5 7 8 9 10 11 12 14 | 14.7
Transmutations | 2 3 4 5 7 8 10 11 13 14 15 | 15.1
Fire Magic     | 2 4 5 6 8 9 10 11 13 14 15 | 15.1
Ice Magic      | 2 3 4 5 7 8 10 12 13 15 17 18 | 18.6
Air Magic      | 1 3 4 5 6 7 9 10 12 13 14 15 | 15.3
Earth Magic    | 2 4 5 6 7 9 10 11 12 14 | 14.7
Poison Magic   | 2 4 5 6 7 8 9 10 12 13 14 15 | 15.0
Invocations    | 2 3 4 5 7 9 10 11 12 14 15 | 15.1
Evocations     | 2 3 4 5 6 7 9 10 11 13 14 15 | 15.4
Fighting       | 5 6 7 8 9 10 11 12 13 15 | 15.6
Maces & Flails | 5 6 7 9 11 13 14 16 17 19 20 | 20.3

Action                   |  1- 3 |  4- 6 |  7- 9 | 10-12 | 13-15 || total
-------------------------+-------+-------+-------+-------+-------++-------
Melee: Lance             |     4 |    24 |    98 |    75 |   162 ||   363
       Bite              |     1 |     2 |     9 |    17 |    30 ||    59
 Cast: Spectral Weapon   |       |       |     4 |     2 |     1 ||     7
       Regeneration      |       |       |     1 |     4 |    10 ||    15
       Alistair's Intoxi |       |       |       |     3 |     5 ||     8
       Apportation       |       |       |       |     2 |       ||     2
       Cause Fear        |       |       |       |     1 |     1 ||     2
       Death Channel     |       |       |       |       |     7 ||     7
       Statue Form       |       |       |       |       |     5 ||     5
       Blink             |       |       |       |       |     6 ||     6
       Control Undead    |       |       |       |       |     3 ||     3
       Animate Dead      |       |       |       |       |     1 ||     1
Invok: Line Pass         |       |       |       |     1 |       ||     1
       Grand Finale      |       |       |       |       |     3 ||     3
Evoke: Lightning rod     |       |       |     2 |    32 |    26 ||    60
  Use: Potion            |     1 |       |       |     8 |    14 ||    23
       Scroll            |       |     1 |     2 |     7 |     3 ||    13
 Stab: Paralysed         |       |     3 |     8 |    13 |    26 ||    50
       Distracted        |       |       |     1 |     2 |     7 ||    10
       Invisible         |       |       |       |     3 |     1 ||     4
       Confused          |       |       |       |     1 |     1 ||     2
  Eat: Bread ration      |       |       |       |     1 |     2 ||     3
Armor: Plate armour      |     2 |    14 |     8 |       |       ||    24
       Quicksilver drago |       |       |    18 |    30 |    25 ||    73
       Skin              |       |       |       |       |    30 ||    30
Dodge: Dodged            |       |       |    22 |    41 |   151 ||   214
       Deflected         |       |       |       |     4 |     3 ||     7
Block: Shield            |     6 |    30 |   127 |   151 |   410 ||   724
       Reflection        |       |       |       |       |    11 ||    11

Table legend:
 A = Spawn XP
 B = Non-spawn XP
 C = Spawn XP percentage of total XP
 D = Spawn monster count
 E = Non-spawn monster count
 F = Spawn count percentage of total count
 G = Total turns spent on level
                    A         B        C        D         E        F      G
               +---------+---------+-------+---------+---------+-------+---------
         Total |       0 |   99936 |   0.0 |       0 |     227 |   0.0 |  1904
               +---------+---------+-------+---------+---------+-------+---------
             D |       0 |   99936 |   0.0 |       0 |     227 |   0.0 |  1904
               +---------+---------+-------+---------+---------+-------+---------
